 Dungeon Crawl Stone Soup version 0.30-b1-2-g02819fbbbe (webtiles) character file.

Game seed: 11793384460206201359

756 Anon888 the Magician (level 7, 0/37 HPs)
             Began as a Deep Elf Fire Elementalist on Nov 8, 2023.
             Was an Initiate of Ashenzari.
             Slain by a black bear (1 damage)
             ... on level 4 of the Dungeon.
             The game lasted 00:31:47 (4447 turns).

Anon888 the Magician (Deep Elf Fire Elementalist)   Turns: 4447, Time: 00:31:48

Health: 0/37       AC: 11    Str:  5    XL:     7   Next: 50%
Magic:  18/18      EV:  6    Int: 22    God:    Ashenzari [......]
Gold:   27         SH:  0    Dex: 15    Spells: 18/19 levels left

rFire   . . .        o - +1 falchion (holy)
rCold   + . .        (no shield)
rNeg    . . .        b - +3 scale mail {rC+}
rPois   .            x - +0 helmet
rElec   .            (no cloak)
rCorr   .            v - +0 pair of gloves
SInv    .            (no boots)
Will    .....        t - amulet of magic regeneration
Stlth   +            (no ring)
HPRegen 0.26/turn    (no ring)
MPRegen 0.56/turn

%: no passive effects
@: no status effects
A: no striking features
a: Renounce Religion


You were on level 4 of the Dungeon.
You worshipped Ashenzari.
Ashenzari was noncommittal.
You visited 2 branches of the dungeon, and saw 5 of its levels.

You collected 183 gold pieces.
You spent 156 gold pieces at shops.

Inventory:

Hand Weapons
 i - a +1 dagger of draining
 o - a +1 falchion of holy wrath (weapon)
Missiles
 f - 4 poisoned darts
Armour
 a - a +0 robe
 b - a +3 scale mail of cold resistance (worn)
 v - a +0 pair of gloves (worn)
 w - a +0 barding
 x - a +0 helmet (worn)
Jewellery
 t - an amulet of magic regeneration (around neck)
Wands
 p - a wand of flame (13)
Scrolls
 c - a scroll of magic mapping {unknown}
 g - a scroll of immolation {unknown}
 h - 2 scrolls of enchant armour {unknown}
 n - a scroll of vulnerability
 r - a scroll of identify {unknown}
 u - a scroll of enchant weapon {unknown}
Potions
 d - a potion of lignification {unknown}
 e - 4 potions of curing
 j - a potion of heal wounds
 k - 2 potions of berserk rage {unknown}
 l - a potion of ambrosia {unknown}
 m - a potion of degeneration {unknown}
 q - a potion of flight {unknown}
 s - a potion of attraction {unknown}
 z - 2 potions of mutation


   Skills:
 + Level 0.7 Fighting
 + Level 0.2(0.5) Short Blades
 + Level 0.7(0.8) Long Blades
 + Level 0.5 Armour
 + Level 3.1 Dodging
 + Level 3.5 Stealth
 + Level 0.2 Unarmed Combat
 + Level 6.5 Spellcasting
 + Level 4.5 Conjurations
 + Level 5.8 Fire Magic


You had 18 spell levels left.
You knew the following spells:

 Your Spells              Type           Power      Damage    Failure   Level
a - Foxfire               Conj/Fire      100%       2x1d9     24%         1

Your spell library contained the following spells:

 Spells                   Type           Power      Damage    Failure   Level
 Scorch                   Fire           64%        2d8       28%         2
 Magic Dart               Conj           100%       1d8       32%         1
 Searing Ray              Conj           54%        2d6       43%         2
 Inner Flame              Hex/Fire       20%        N/A       88%         3
 Volatile Blastmotes      Fire/Tloc      40%        2d13      88%         3
 Flame Wave               Conj/Fire      30%        2d9       94%         4
 Fulminant Prism          Conj/Hex       8%         3d7       100%        4


Dungeon Overview and Level Annotations

Branches:
Dungeon (4/15)             Temple (1/1) D:4

Altars:
Ashenzari
Gozag
Hepliaklqana
Makhleb
Okawaru
Ru
Sif Muna
Trog
Uskayaw
Wu Jian
Xom
Yredelemnul
Zin

Shops:
D:2 :   D:4 !


Message History

The black bear is almost dead.
The black bear bites you but does no damage.
The black bear claws you. x2; The black bear bites you!
The black bear barely misses you. x2
You barely miss the black bear.
The black bear is almost dead.
The black bear bites you but does no damage.
The black bear claws you. The black bear barely misses you.
The black bear bites you but does no damage.
The black bear claws you.
* * * LOW HITPOINT WARNING * * *
The black bear barely misses you.
You feel much better. The black bear barely misses you. x2
The black bear claws you.
You hit the black bear but do no damage.
The black bear is almost dead.
The black bear closely misses you. The black bear claws you.
The black bear claws you but does no damage.
The black bear bites you but does no damage.
The black bear claws you. x2
* * * LOW HITPOINT WARNING * * *
You barely miss the black bear.
The black bear is almost dead.
The black bear bites you but does no damage.
The black bear claws you but does no damage.
The black bear claws you.
* * * LOW HITPOINT WARNING * * *
The black bear barely misses you.
The black bear claws you but does no damage.
The black bear barely misses you.
Aiming: Throw Flame
Press: ? - help, Q - select action, (/) - cycle Shift-Dir - straight line, f/p - black bear
Aim: a black bear (almost dead, berserk, 77% to hit)
The puff of flame hits the black bear.
The black bear is almost dead.
The black bear bites you.
* * * LOW HITPOINT WARNING * * *
The black bear claws you but does no damage.
The black bear claws you.
You die...

#.# #.# #.#
#.# #.# #.#
#.# #.# #.#
#.# #.# #.#
#.# #.#
#.#########.#
#.....@h....#
#############


You could see a black bear (berserk).

Vanquished Creatures
  Grinder (D:3)
  Sigmund (D:3)
  An ice beast (D:4)
  A scorpion (D:4)
  2 orc priests (D:4)
  A hound (D:4)
  Terence (D:3)
  3 adders
  A white imp (D:4)
  2 worms
  4 dart slugs
  12 orcs
  7 ball pythons
  3 bats (D:1)
  8 endoplasms
  4 giant cockroaches
  11 goblins
  2 hobgoblins (D:2)
  A quokka (D:2)
  3 frilled lizards
  9 kobolds
  8 rats
86 creatures vanquished.

Vanquished Creatures (others)
  223 foxfires
223 creatures vanquished.

Grand Total: 309 creatures vanquished

Notes
Turn   | Place    | Note
-------+----------+-------------------------------------------
     0 | D:1      | Anon888 the Deep Elf Fire Elementalist began the quest for
                  | the Orb.
     0 | D:1      | Reached XP level 1. HP: 10/10 MP: 6/6
   153 | D:1      | Reached XP level 2. HP: 13/15 MP: 5/8
   806 | D:1      | Reached XP level 3. HP: 19/19 MP: 7/10
  1356 | D:2      | Found a faded altar of an unknown god.
  1375 | D:2      | Reached skill level 4 in Spellcasting
  1386 | D:2      | Found Vicyec's Book Boutique.
  1727 | D:2      | Reached XP level 4. HP: 24/24 MP: 7/12
  2050 | D:3      | Noticed Sigmund
  2060 | D:3      | Killed Sigmund
  2061 | D:3      | Reached skill level 5 in Spellcasting
  2061 | D:3      | Reached XP level 5. HP: 28/28 MP: 7/14
  2176 | D:3      | Noticed Grinder
  2180 | D:3      | Noticed Terence
  2197 | D:3      | Killed Terence
  2201 | D:3      | Paralysed by Grinder for 2 turns
  2210 | D:3      | Paralysed by Grinder for 2 turns
  2213 | D:3      | Paralysed by Grinder for 2 turns
  2227 | D:3      | Killed Grinder
  2228 | D:3      | Reached skill level 6 in Spellcasting
  2228 | D:3      | Reached skill level 5 in Fire Magic
  2228 | D:3      | Reached XP level 6. HP: 19/33 MP: 5/17
  2995 | D:4      | Found a bloodstained altar of Trog.
  3065 | D:4      | Reached XP level 7. HP: 34/37 MP: 18/18
  3410 | D:4      | Found a staircase to the Ecumenical Temple.
  3419 | Temple   | Entered the Ecumenical Temple
  3904 | Temple   | Became a worshipper of Ashenzari the Shackled
  4219 | D:4      | Found Gege's Distillery.
  4222 | D:4      | Bought a potion of heal wounds for 60 gold pieces
  4222 | D:4      | Bought a potion of mutation for 96 gold pieces
  4447 | D:4      | HP: 1/37 [black bear (6)]
  4447 | D:4      | Slain by a black bear

Illustrated notes

Levels and vault maps discovered:
D:1:      dpeg_arrival_erosion, layout_loops_ring,
          amcnicky_mini_rare_corridor_liquid, minivault_4
D:2:      layout_loops_ring, basic_ecumenical_altar, serial_shops, shop
D:3:      layout_basic, minivault_23, minmay_increasing_density, uniq_sigmund,
          uniq_terence, uniq_grinder
D:4:      layout_basic, lemuel_round_altar, minmay_temple_entry_statues_pillars,
          serial_shops, nicolae_shop_window_shopping
Temple:   hellmonk_temple_flake

Skill      XL: |  1  2  3  4  5  6  7 |
---------------+----------------------+-----
Stealth        | 3 |  3.5
Fire Magic     | 4 5 |  5.8
Spellcasting   | 4 5 6 |  6.5
Conjurations   | 2 3 4 |  4.5
Dodging        | 3 |  3.1
Fighting       | |  0.7
Short Blades   | |  0.2
Long Blades    | |  0.7
Armour         | |  0.5
Unarmed Combat | |  0.2

Action                     |  1- 3 |  4- 6 |  7- 9 || total
---------------------------+-------+-------+-------++-------
  Melee: Unarmed           |    52 |       |       ||    52
         Dagger            |    10 |     6 |       ||    16
         Falchion          |       |    10 |    53 ||    63
         Punch             |       |       |     1 ||     1
   Cast: Foxfire           |    85 |    67 |    28 ||   180
  Evoke: Wand              |       |       |     4 ||     4
    Use: Potion            |       |     1 |     4 ||     5
         Scroll            |       |       |     1 ||     1
   Stab: Sleeping          |     1 |     1 |       ||     2
 Armour: Robe              |    15 |     2 |       ||    17
         Scale mail        |       |     9 |   118 ||   127
  Dodge: Dodged            |    59 |    13 |    56 ||   128
